 Dungeon Crawl Stone Soup version 0.30-a0-634-g8abc85282e (webtiles) character file.

Game seed: 10639078100712239258

93 wormed the Grave Robber (level 4, -2/32 HPs)
             Began as a Mummy Necromancer on Jan 14, 2023.
             Slain by Crazy Yiuf
             ... wielding a +4 quarterstaff of chaos
              (14 damage)
             ... on level 2 of the Dungeon.
             The game lasted 00:03:51 (2337 turns).

wormed the Grave Robber (Mummy Necromancer)         Turns: 2337, Time: 00:03:52

Health: -2/32      AC:  3    Str: 11    XL:     4   Next: 36%
Magic:  2/9        EV: 12    Int: 16    God:
Gold:   68         SH:  0    Dex: 12    Spells: 2/10 levels left

rFire   x . .      SeeInvis .    (no weapon)
rCold   + . .      Faith    +    (no shield)
rNeg    + + +      Spirit   .    a - +0 robe
rPois   ∞          Reflect  .    c - +0 helmet
rElec   .          Harm     .    (no cloak)
rCorr   .          Rampage  .    (no gloves)
Will    .....                    (no boots)
Stlth   ++                       (no amulet)
HPRegen 0.25/turn                d - ring of flight
MPRegen 0.11/turn                (no ring)

@: weak-willed, flying, very slightly contaminated
A: cold resistance 1, negative energy resistance 3, torment resistance 2, heat
vulnerability 1, in touch with death 1, no potions, faith
a: no special abilities


You were on level 2 of the Dungeon.
You visited 1 branch of the dungeon, and saw 2 of its levels.

You collected 68 gold pieces.

Inventory:

Armour
 a - a +0 robe (worn)
 c - a +0 helmet (worn)
Jewellery
 d - a ring of flight (left hand)
Scrolls
 e - a scroll of teleportation {unknown}


   Skills:
 + Level 1.5 Fighting
 + Level 2.2 Dodging
 - Level 1.5 Stealth
 + Level 3.5 Spellcasting
 * Level 4.8 Necromancy


You had 2 spell levels left.
You knew the following spells:

 Your Spells              Type           Power      Damage    Failure   Level
a - Necrotise             Necr           100%       1d9       2%          1
b - Vampiric Draining     Necr           27%        2d7       8%          3
c - Animate Dead          Necr           27%        N/A       24%         4

Your spell library contained the following spells:

 Spells                   Type           Power      Damage    Failure   Level
 Agony                    Necr           27%        N/A       56%         5


Dungeon Overview and Level Annotations

Branches:
Dungeon (2/15)

Altars:
Trog

Annotations:
D:2 Crazy Yiuf


Innate Abilities, Weirdness & Mutations

You are immune to poison.
Your flesh is cold resistant. (rC+)
You are immune to negative energy. (rN+++)
You are immune to unholy pain and torment.
You are vulnerable to heat. (rF-)
You are in touch with the powers of death.
You do not drink.
You have a special connection with the divine. (Faith)


Message History

Aiming: Vampiric Draining (quite dangerous; 8% risk of failure)
Press: ? - help, Shift-Dir - straight line, f - quokka
Aim: a quokka You feel a surge of power!
You draw life force from the quokka!
You kill the quokka!
Found a hammer.
Found a runed translucent door.
Crazy Yiuf shouts!
Could not explore, unopened runed door.
Could not explore, unopened runed door.
Could not explore, unopened runed door.
You reach down and open the door.
Casting: Vampiric Draining (quite dangerous; 8% risk of failure)
Confirm with . or Enter, or press ? or * to list all spells.
You can't see any susceptible monsters within range! (Use Z to cast anyway.)
Casting: Vampiric Draining (quite dangerous; 8% risk of failure)
Confirm with . or Enter, or press ? or * to list all spells.
Aiming: Necrotise (safe; 2% risk of failure)
Press: ? - help, Shift-Dir - straight line, f - Crazy Yiuf
Aim: Crazy Yiuf, wielding a +4 quarterstaff of chaos and wearing a +0 cloak (chance to affect: 88%)
You feel a surge of power!
Crazy Yiuf writhes in agony.
Casting: Necrotise (safe; 2% risk of failure)
Confirm with . or Enter, or press ? or * to list all spells.
The spell is quite dangerous to miscast (8% risk of failure)!
Continue anyway?
Aiming: Vampiric Draining (quite dangerous; 8% risk of failure)
Press: ? - help, Shift-Dir - straight line, f/p - Crazy Yiuf
Aim: Crazy Yiuf, wielding a +4 quarterstaff of chaos and wearing a +0 cloak (lightly wounded)
You feel a surge of power!
You miscast Vampiric Draining.
You are very lightly contaminated with residual magic.
Nothing appears to happen.
Crazy Yiuf hits you with a +4 quarterstaff of chaos!
You feel your power leaking away.
Casting: Vampiric Draining (quite dangerous; 8% risk of failure)
Confirm with . or Enter, or press ? or * to list all spells.
You don't have enough magic to cast this spell.
Crazy Yiuf is nearby!
As you read the scroll labelled PUXUOC ZAWY, it crumbles to dust.
Magic quickly surges around you.
It was a scroll of vulnerability.
Crazy Yiuf hits you with a +4 quarterstaff of chaos!
You are electrocuted!
You die...

#.....<......########
#........#####
#........# ##.#####.#
##### # #.....#.#
#)..# ########
#####.#.### #...#
#####....... #.#.#.#
... #...........
#.....# #g#
#........... #.....#
#@## #...........
####### ##.#
#........... #.##
#........... ##.#
#####....... ##.##
######## ##...# ##
#....# #. ##..## #.
#....# #.


You could see Crazy Yiuf (weak-willed).

Vanquished Creatures
  4 adders (D:2)
  A worm (D:2)
  2 dart slugs
  3 bats (D:1)
  5 endoplasms
  2 giant cockroaches (D:1)
  5 goblins
  2 hobgoblins
  4 kobolds
  3 quokkas
  4 ball pythons
  5 frilled lizards
  6 rats
46 creatures vanquished.

Vanquished Creatures (collateral kills)
  An endoplasm (D:2)
  A giant cockroach (D:1)
  A goblin (D:1)
3 creatures vanquished.

Grand Total: 49 creatures vanquished

Notes
Turn   | Place    | Note
-------+----------+-------------------------------------------
     0 | D:1      | wormed the Mummy Necromancer began the quest for the Orb.
     0 | D:1      | Reached XP level 1. HP: 13/13 MP: 4/4
   119 | D:1      | Reached XP level 2. HP: 20/20 MP: 1/5
   686 | D:1      | Reached skill level 1 in Fighting
   756 | D:1      | Gained mutation: You are in touch with the powers of death.
                  | [Mummy growth]
   756 | D:1      | Reached XP level 3. HP: 21/26 MP: 3/7
  1228 | D:2      | Learned a level 3 spell: Vampiric Draining
  1402 | D:2      | Reached XP level 4. HP: 32/32 MP: 6/9
  1508 | D:2      | Noticed a golden eye
  1511 | D:2      | Noticed a golden eye
  1513 | D:2      | Found a faded altar of an unknown god.
  1558 | D:2      | Noticed a golden eye
  1558 | D:2      | Noticed a floating eye
  1826 | D:2      | Found a bloodstained altar of Trog.
  1843 | D:2      | Learned a level 4 spell: Animate Dead
  2330 | D:2      | Found a runed translucent door.
  2331 | D:2      | Noticed Crazy Yiuf
  2337 | D:2      | Slain by Crazy Yiuf

Illustrated notes

Levels and vault maps discovered:
D:1:      shiori_arrival_elements, layout_basic
D:2:      layout_basic, hellmonk_ecumenical_altar_watching_god, basic_altar,
          uniq_crazy_yiuf_cottage

Skill      XL: |  1  2  3 |
---------------+----------+-----
Spellcasting   | 3 |  3.5
Fighting       | 1 |  1.5
Dodging        | 2 |  2.2
Stealth        | |  1.5
Necromancy     | |  4.8

Action                   |  1- 3 |  4- 6 || total
-------------------------+-------+-------++-------
Melee: Unarmed           |     9 |     3 ||    12
 Cast: Necrotise         |    60 |     6 ||    66
       Vampiric Draining |     1 |    12 ||    13
  Use: Scroll            |     2 |     1 ||     3
Armor: Robe              |    12 |       ||    12
Dodge: Dodged            |    34 |     4 ||    38

Table legend: (Time is in decaauts)
 A = Elapsed time spent in this place.
 B = Non-inter-level travel time spent in this place.
 C = Inter-level travel time spent in this place.
 D = Time resting spent in this place.
 E = Time spent auto-exploring this place.
 F = Levels seen in this place.
 G = Mean time per level.
                   A        B        C        D        E       F      G
               +--------+--------+--------+--------+--------+-----+--------+
         Total |   2336 |   2300 |     36 |      0 |   1984 |   2 | 1168.0 |
       Dungeon |   2336 |   2300 |     36 |      0 |   1984 |   2 | 1168.0 |
               +--------+--------+--------+--------+--------+-----+--------+

Top non-repeatable levels by time:
     D:2: 1170 daAuts
     D:1: 1165 daAuts
